 Dungeon Crawl Stone Soup version 0.30.0-29-ga12c61a403 (webtiles) character file.

Game seed: 3806458689865792813

84 qw the Chopper (level 4, -1/28 HPs)
             Began as a Gargoyle Fighter on June 3, 2023.
             Slain by Robin
             ... wielding a +0 mace of protection
              (6 damage)
             ... on level 2 of the Dungeon.
             The game lasted 00:00:42 (1046 turns).

qw the Chopper (Gargoyle Fighter)                   Turns: 1046, Time: 00:00:43

Health: -1/28      AC:  9    Str: 21    XL:     4   Next: 46%
Magic:  4/4        EV: 10    Int:  9    God:
Gold:   52         SH:  4    Dex:  9    Spells: 3/3 levels left

rFire   . . .        Y - +0 war axe
rCold   + . .        c - +0 buckler
rNeg    + . .        k - +0 ring mail {rC+}
rPois   inf          (no helmet)
rElec   +            (no cloak)
rCorr   .            (no gloves)
SInv    .            (no boots)
Will    .....        (no amulet) Stlth
                     (no ring)
HPRegen 0.24/turn    (no ring)
MPRegen 0.09/turn

%: no passive effects
@: no status effects
A: sickness immunity, AC +3, negative energy resistance 1, electricity
resistance, torment resistance 1, petrification resistance
a: no special abilities


You were on level 2 of the Dungeon.
You visited 1 branch of the dungeon, and saw 2 of its levels.

You collected 52 gold pieces.


Innate Abilities, Weirdness & Mutations

You are immune to sickness and miasma.
Your stone body is resilient. (AC +3)
You are immune to poison.
You resist negative energy. (rN+)
You are resistant to electric shocks. (rElec)
You are resistant to unholy torment.
You are immune to petrification.


   Skills:
 - Level 3.2 Fighting
 + Level 4.1 Axes
 - Level 3.2 Armour
 - Level 3.2 Shields


You had 3 spell levels left.
You didn't know any spells.
Your spell library was empty.

Inventory:

Hand Weapons
 e - a +0 flail
 Y - a +0 war axe (weapon)
Armour
 b - a +0 scale mail
 c - a +0 buckler (worn)
 k - a +0 ring mail of cold resistance (worn)
Scrolls
 a - 2 scrolls of identify
 f - a scroll of enchant armour {unknown}
Potions
 d - 2 potions of might
 i - a potion of flight {unknown}

Dungeon Overview and Level Annotations

Branches:
Dungeon (2/15)

Altars:

Annotations:
D:2 Robin


Message History

You barely miss the hobgoblin. You barely miss the goblin.
Robin says, "Duck!"
The goblin hits you but does no damage. The hobgoblin hits you.
You hit the hobgoblin.
The hobgoblin is almost dead.
You barely miss the goblin.
Robin roars a battlecry!
The goblin hits you but does no damage. The hobgoblin hits you.
The goblin closely misses you.
You closely miss the hobgoblin.
The hobgoblin is almost dead.
You closely miss the goblin.
Robin says, "Duck!"
You block the hobgoblin's attack. The goblin hits you but does no damage.
You hit the hobgoblin but do no damage.
The hobgoblin is almost dead.
You closely miss the goblin. The goblin hits you with a +0 club.
You block the hobgoblin's attack.
You slash the hobgoblin!
You kill the hobgoblin!
You hit the goblin.
The goblin no longer looks unusually strong.
The goblin hits you but does no damage.
Robin hits you with a +0 mace of protection.
The goblin barely misses you.
You slash the goblin!
You kill the goblin!
You hit Robin but do no damage. Robin closely misses you.
You closely miss Robin.
The hobgoblin no longer looks unusually strong.
Robin roars a battlecry!
The hobgoblin goes into a battle-frenzy!
You hit Robin.
Robin is heavily wounded.
Robin barely misses you. Robin hits you but does no damage.
You hit Robin.
Robin is severely wounded.
Robin hits you with a +0 mace of protection.
You die...

#. ## . #... ..# .. #
#... ..#... ..#...
#.).... ..... .?.....
#..##gg.# #..)@# :
##.#)###....
#.........$
##.###.##... #.##
.......S.
.########..#####......
........##............
..
........###...........
.
.:......###.......#..#


You could see Robin and a hobgoblin (strong).

Vanquished Creatures
  An orc wizard (D:2)
  An adder (D:2)
  A worm (D:1)
  4 orcs (D:2)
  2 ball pythons (D:1)
  2 endoplasms
  2 giant cockroaches (D:1)
  8 goblins (D:2)
  6 hobgoblins
  2 quokkas (D:1)
  3 bats (D:2)
  2 frilled lizards (D:1)
  2 kobolds (D:1)
  6 rats
42 creatures vanquished.

Notes
Turn   | Place    | Note
-------+----------+-------------------------------------------
     0 | D:1      | qw the Gargoyle Fighter began the quest for the Orb.
     0 | D:1      | Reached XP level 1. HP: 14/14 MP: 1/1
     0 | D:1      | 0 ||| qw: Version: 0.2-a-103-g5a998e5
     0 | D:1      | 0 ||| qw: Game counter: 1016
     0 | D:1      | 0 ||| qw: Always use a shield: true
     0 | D:1      | 0 ||| qw: God list: Okawaru
     0 | D:1      | 0 ||| qw: Allow faded altars: false
     0 | D:1      | 0 ||| qw: Do Orc after D:15 true
     0 | D:1      | 0 ||| qw: Do second Lair branch before Depths: true
     0 | D:1      | 0 ||| qw: Lair rune preference: random
     0 | D:1      | 0 ||| qw: Plans: Normal, Zot:1-4, Slime:5, God:TSO, Crypt,
                  | Tomb, Pan, Hells, Abyss, Win
     0 | D:1      | 0 ||| PLANNING D:1-11
    76 | D:1      | Reached skill level 2 in Axes
   190 | D:1      | Reached XP level 2. HP: 18/19 MP: 2/2
   383 | D:1      | Found a faded altar of an unknown god.
   762 | D:1      | 762 ||| UPGRADING to +0 ring mail of cold resistance.
   772 | D:1      | 772 ||| READING 3 scrolls labelled GUTWUA MASUNNO.
   773 | D:1      | 773 ||| READING 2 scrolls labelled KOSONOFOER.
   774 | D:1      | 774 ||| READING scroll labelled LUUTUZA GAECS.
   779 | D:1      | 779 ||| READING scroll labelled SYANUU JYESK.
   780 | D:1      | 780 ||| READING 2 scrolls of identify.
   780 | D:1      | 780 ||| IDENTIFYING viscous silvery potion
   781 | D:1      | 781 ||| DROPPING scroll of amnesia.
   782 | D:1      | 782 ||| DROPPING potion of brilliance.
   818 | D:2      | 818 ||| STAIRDANCE
   891 | D:2      | Reached skill level 3 in Axes
   895 | D:2      | 895 ||| Stepping ~*~*~tactically~*~*~ (stealth).
   901 | D:2      | Reached XP level 3. HP: 22/23 MP: 3/3
   936 | D:2      | 936 ||| Stepping ~*~*~tactically~*~*~ (stealth).
   938 | D:2      | 938 ||| Stepping ~*~*~tactically~*~*~ (stealth).
   940 | D:2      | 940 ||| Stepping ~*~*~tactically~*~*~ (hiding).
   954 | D:2      | Reached XP level 4. HP: 20/28 MP: 4/4
   963 | D:2      | Reached skill level 4 in Axes
   989 | D:2      | 989 ||| DROPPING +0 mace.
  1026 | D:2      | Noticed Robin
  1042 | D:2      | HP: 4/28 [Robin/+0 mace of protection (5)]
  1046 | D:2      | Slain by Robin

Levels and vault maps discovered:
D:1:      dpeg_arrival_simpleton_c, layout_rooms,
          hellmonk_ecumenical_altar_blasted, serial_rivers,
          chequers_serial_rivers_micro_e, chequers_serial_rivers_room_b,
          chequers_serial_rivers_large_a, chequers_serial_rivers_micro_b,
          chequers_serial_rivers_room_b, dk_noncrumbling_4,
          minmay_misc_feat_five
D:2:      layout_rooms, uniq_robin

Skill      XL: |  1  2  3  4 |
---------------+-------------+-----
Axes           | 2 3 4 |  4.1
Fighting       | |  3.2
Armour         | |  3.2
Shields        | |  3.2

Action                     |  1- 3 |  4- 6 || total
---------------------------+-------+-------++-------
  Melee: War axe           |    92 |    43 ||   135
    Use: Scroll            |     5 |       ||     5
 Armour: Scale mail        |    21 |       ||    21
         Ring mail         |    22 |    20 ||    42
  Dodge: Dodged            |    45 |    25 ||    70
  Block: Buckler           |    15 |    12 ||    27

Table legend:
 A = Non-vault XP
 B = Vault XP
 C = Vault XP percentage of total XP
 D = Non-vault monster count
 E = Vault monster count
 F = Vault count percentage of total count
                 A         B        C        D         E       F
            +---------+---------+-------+---------+---------+-------
      Total |     107 |      14 |  11.6 |      34 |       8 |  19.0
            +---------+---------+-------+---------+---------+-------
        D:1 |      28 |       0 |   0.0 |      17 |       0 |   0.0
        D:2 |      79 |      14 |  15.1 |      17 |       8 |  32.0
            +---------+---------+-------+---------+---------+-------
